 Dungeon Crawl Stone Soup version 0.31-a0-986-g5e6e4ef867 (webtiles) character file.

Game seed: 4059142948608733339

481 domi the Jinx (level 6, -1/41 HPs)
             Began as a Vampire Enchanter on Nov 18, 2023.
             Was an Initiate of Gozag.
             Slain by Duvessa
             ... wielding a +0 short sword
              (10 damage)
             ... on level 4 of the Dungeon.
             The game lasted 00:06:35 (3452 turns).

domi the Jinx (Vampire Enchanter)                   Turns: 3452, Time: 00:06:36

Health: -1/41      AC:  2    Str:  7    XL:     6   Next: 87%
Magic:  4/9        EV: 12    Int: 20    God:    Gozag
Gold:   135        SH:  0    Dex: 14    Spells: 4/9 levels left

rFire   . . .        r - +2 short sword (vamp)
rCold   . . .        (no shield)
rNeg    . . .        b - +0 robe
rPois   .            (no helmet)
rElec   .            (no cloak)
rCorr   .            (no gloves)
SInv    +            (no boots)
Will    .....        (no amulet)
Stlth   ++++         (no ring)
HPRegen 0.46/turn    (no ring)
MPRegen 0.11/turn

%: no passive effects
@: confusing by touch, gold aura, healing quickly
A: alive, fangs 3, see invisible, vampiric 2
a: Exsanguinate, Renounce Religion, Potion Petition, Call Merchant, Bribe Branch


You were on level 4 of the Dungeon.
You worshipped Gozag.
Gozag was aware of your devotion.
You visited 2 branches of the dungeon, and saw 5 of its levels.

You collected 188 gold pieces.
You paid 53 gold pieces to Gozag.

Inventory:

Hand Weapons
 a - a +1 dagger
 e - a +0 vampiric short sword
   (You took it off a kobold on level 1 of the Dungeon)
 r - a +2 vampiric short sword (weapon)
   (You took it off a kobold on level 3 of the Dungeon)
Armour
 b - a +0 robe (worn)
Magical Staves
 o - a staff of earth
   (You found it on level 3 of the Dungeon)
 w - a staff of cold {rC+}
   (You found it on level 4 of the Dungeon)
Scrolls
 f - 4 scrolls of identify {unknown}
 h - a scroll of enchant weapon {unknown}
 j - a scroll of amnesia {unknown}
 m - a scroll of torment {unknown}
 n - 2 scrolls of fog {unknown}
 v - a scroll of teleportation {unknown}
Potions
 c - a potion of haste {unknown}
 d - a potion of degeneration {!q}
 g - a potion of brilliance
 i - 2 potions of curing {@q1}
 l - 2 potions of enlightenment {unknown}
 p - a potion of heal wounds {unknown}
 q - 2 potions of berserk rage {unknown}
 s - a potion of cancellation {unknown}
 t - a potion of lignification {unknown}
 u - 2 potions of attraction {unknown}


   Skills:
 - Level 1.1 Short Blades
 - Level 2.1 Dodging
 * Level 7.6 Stealth
 - Level 2.0 Spellcasting
 + Level 8.1 Hexes
 + Level 3.4 Ice Magic


You had 4 spell levels left.
You knew the following spells:

 Your Spells              Type           Power      Damage    Failure   Level
z - Ensorcelled Hibernat  Hex/Ice        50%        N/A       2%          2
Z - Confusing Touch       Hex            34%        N/A       1%          3

Your spell library contained the following spells:

 Spells                   Type           Power      Damage    Failure   Level
 Tukima's Dance           Hex            34%        N/A       1%          3
 Dazzling Flash           Conj/Hex       36%        N/A       9%          3
 Summon Guardian Golem    Hex/Summ       18%        N/A       9%          3
 Kiss of Death            Conj/Necr      8%         2d6       16%         1
 Summon Small Mammal      Summ           8%         N/A       16%         1
 Blink                    Tloc           4%         N/A       24%         2
 Lesser Beckoning         Tloc           4%         N/A       24%         2
 Momentum Strike          Conj/Tloc      4%         3d8       24%         2
 Call Canine Familiar     Summ           2%         N/A       43%         3
 Dispel Undead            Necr           2%         3d7       83%         4


Dungeon Overview and Level Annotations

Branches:
Dungeon (4/15)             Temple (1/1) D:4

Altars:
Ashenzari
Dithmenos
Fedhas
Gozag
Kikubaaqudgha
Makhleb
Nemelex Xobeh
Qazlal
Ru
Sif Muna
Trog
Vehumet
Xom
Yredelemnul

Annotations:
D:4 Duvessa


Innate Abilities, Weirdness & Mutations

Your natural rate of healing is accelerated.
You have razor-sharp teeth.
You have supernaturally acute eyesight. (SInv)
You are afflicted with vampirism and can become a bat while bloodless.


Message History

You barely miss the phantom.
The phantom hits you but does no damage.
You hit the phantom. The phantom hits you.
You hit the phantom. You bite the phantom. You barely miss the phantom.
You hit the phantom but do no damage. The phantom closely misses you.
You catch the helpless phantom completely off-guard!
You hit the phantom. The phantom hits you.
The phantom blinks!
You blink.
You hit the phantom. The phantom closely misses you.
You hit the phantom.
You destroy the phantom!
You feel your intelligence returning.
Your Stealth skill increases to level 7!
Your Hexes skill increases to level 8!
No target in view!
No target in view!
You now have 188 gold pieces (gained 11).
You open the door.
There is an open door here.
There is an open door here.
Found a staircase to the Ecumenical Temple.
There is a staircase to the Ecumenical Temple here.
You climb downwards.
Welcome to the Ecumenical Temple!
Found three altars.
Found a staircase back to the Dungeon.
There is a staircase back to the Dungeon here.
Found a stormy altar of Qazlal.
Found a blossoming altar of Fedhas.
Found a radiant altar of Vehumet.
There is a blossoming altar of Fedhas here.
Found an opulent altar of Gozag.
Found a shimmering blue altar of Sif Muna.
There is an opulent altar of Gozag here.
You kneel at the altar of Gozag.
Gozag welcomes you!
You pay a service fee of 53 gold.
Done exploring.
Done exploring.
Done exploring.
Done exploring.
There is a radiant altar of Vehumet here.
There is a staircase back to the Dungeon here.
You climb upwards.
Welcome back to the Dungeon!
There is a staircase to the Ecumenical Temple here.
Found a stone staircase leading up.
There is an open door here.
You open the door.
Duvessa and Dowan come into view.
Dowan says, "Stay away from my face!"
There is an open door here.
Press: ? - help, Shift-Dir - straight line, f - Dowan
Aim: Dowan, wielding a +0 dagger and wearing a +0 robe (chance to affect: 55%) Dowan looks drowsy...
The helpless Dowan fails to defend himself.
You puncture Dowan!
Dowan casts a spell.
Dowan blinks!
Press: ? - help, Shift-Dir - straight line, f - Duvessa, p - Dowan
Aim: Duvessa, wielding a +0 short sword and wearing a +0 chain mail The roots erupt in riotous growth!
Roots grab Duvessa.
The grasping roots constrict Duvessa!
Duvessa struggles to escape constriction.
Dowan points at you and mumbles some strange words.
The puff of frost hits you.
Okay, then.
Okay, then.
Okay, then.
Press: ? - help, Shift-Dir - straight line, f - Dowan, p - Duvessa
Aim: Dowan, wielding a +0 dagger and wearing a +0 robe (severely wounded)
The roots erupt in riotous growth!
Roots grab Dowan.
The grasping roots constrict Duvessa.
The grasping roots constrict Dowan.
Duvessa escapes!
Dowan points at you and mumbles some strange words.
You resist with some effort.
Press: ? - help, Shift-Dir - straight line, p - Dowan The roots erupt in riotous growth!
Roots grab Duvessa.
The now-empty wand crumbles to dust.
The grasping roots constrict Duvessa, but do no damage.
The grasping roots constrict Dowan.
You kill Dowan!
Duvessa screams in rage.
Duvessa goes berserk!
Duvessa misses you.
You feel your dexterity returning.
You can't see any susceptible monsters within range! (Use Z to cast anyway.) Unknown command.
Your hands begin to glow red.
The grasping roots constrict Duvessa.
The roots release their grip on Duvessa.
Duvessa hits you with a +0 short sword! x2
* * * LOW HITPOINT WARNING * * *
You barely miss Duvessa. Duvessa hits you with a +0 short sword.
* * * LOW HITPOINT WARNING * * *
Unknown command.
Okay, then.
You hit Duvessa but do no damage. Duvessa hits you with a +0 short sword!
You die...
Your body crumbles into a pile of gold.

.......o...#..########
..########...........
♣.## #..#.####### ...#
#..#.#⌠8⌠# .#.#
#)##.#...+ ...#
#<##.#...# ..##
##.##.#...+
#.#######..##.#.e.#
#.#....#...##.##@#####..
#.#.##.#..###...........
.....#.#.#####...$....#.
#+#..........'......<...
.....###..####........##
..........# ##########
...#.##...# ...#.##.###
...#.##.#


You could see Duvessa (berserk).

Vanquished Creatures
  A sky beast (D:4)
  A phantom (D:4)
  Dowan (D:4)
  Terence (D:2)
  2 orc wizards (D:3)
  A gnoll (D:1)
  8 adders
  A worm (D:2)
  3 dart slugs
  11 orcs
  7 ball pythons
  10 endoplasms
  2 giant cockroaches
  9 goblins
  2 hobgoblins
  5 jackals (D:2)
  9 kobolds
  4 quokkas
  6 bats
  3 frilled lizards
  3 rats
90 creatures vanquished.

Vanquished Creatures (others)
  An orc (D:3)
1 creature vanquished.

Grand Total: 91 creatures vanquished

Notes
Turn   | Place    | Note
-------+----------+-------------------------------------------
     0 | D:1      | domi the Vampire Enchanter began the quest for the Orb.
     0 | D:1      | Reached XP level 1. HP: 13/13 MP: 3/3
    48 | D:1      | Reached skill level 5 in Hexes
    89 | D:1      | Reached XP level 2. HP: 19/19 MP: 5/5
   382 | D:1      | Learned a level 2 spell: Ensorcelled Hibernation
   479 | D:1      | Reached skill level 6 in Hexes
   589 | D:1      | Gained mutation: You are afflicted with vampirism and can
                  | become a bat while bloodless. [Vampire growth]
   589 | D:1      | Reached XP level 3. HP: 20/24 MP: 6/6
   593 | D:1      | Learned a level 3 spell: Confusing Touch
   734 | D:2      | Reached skill level 1 in Ice Magic
   845 | D:2      | Noticed Terence
   855 | D:2      | HP: 5/24 [Terence/+0 morningstar (13)]
   859 | D:2      | Killed Terence
   860 | D:2      | Reached XP level 4. HP: 13/30 MP: 4/7
  1162 | D:2      | Reached skill level 2 in Ice Magic
  1238 | D:2      | Found a faded altar of an unknown god.
  1346 | D:2      | Reached skill level 7 in Hexes
  1737 | D:3      | HP: 7/30 [poisoned by an adder]
  1847 | D:3      | Reached XP level 5. HP: 28/35 MP: 8/8
  1855 | D:3      | Reached skill level 5 in Stealth
  2407 | D:3      | Reached skill level 6 in Stealth
  2756 | D:4      | Noticed a sky beast
  2781 | D:4      | Killed a sky beast
  2782 | D:4      | Reached skill level 3 in Ice Magic
  2782 | D:4      | Reached XP level 6. HP: 25/41 MP: 3/9
  3267 | D:4      | Reached skill level 7 in Stealth
  3267 | D:4      | Reached skill level 8 in Hexes
  3347 | D:4      | Found a staircase to the Ecumenical Temple.
  3356 | Temple   | Entered the Ecumenical Temple
  3374 | Temple   | Became a worshipper of Gozag Ym Sagoz the Greedy
  3443 | D:4      | Noticed Duvessa
  3443 | D:4      | Noticed Dowan
  3449 | D:4      | Killed Dowan
  3450 | D:4      | HP: 9/41 [Duvessa/+0 short sword (12)]
  3452 | D:4      | Slain by Duvessa

Illustrated notes

Levels and vault maps discovered:
D:1:      nzn_arrival_crosshair, layout_loops_ring,
          minmay_misc_feat_secret_circle
D:2:      layout_basic, ebering_ecumenical_altar_ruins,
          kennysheep_generic_room_10, uniq_terence
D:3:      kb_forest_paths, layout_basic, minivault_5, bh_walls_and_bars
D:4:      dreamdust_elfheim, layout_basic, overflow_temple_1_default,
          lemuel_temple_firewalk_b, minivault_24,
          nicolae_kite_square_tiling_tiny
Temple:   nicolae_temple_bog_church

Skill      XL: |  1  2  3  4  5  6 |
---------------+-------------------+-----
Hexes          | 5 6 7 8 |  8.1
Ice Magic      | 1 2 3 |  3.4
Stealth        | 6 7 |  7.6
Short Blades   | |  1.1
Dodging        | |  2.1
Spellcasting   | |  2.0

Action                     |  1- 3 |  4- 6 || total
---------------------------+-------+-------++-------
  Melee: Dagger            |    44 |       ||    44
         Bite              |    12 |    24 ||    36
         Short sword       |    72 |   243 ||   315
         Punch             |       |     1 ||     1
   Cast: Ensorcelled Hiber |     1 |     3 ||     4
         Confusing Touch   |       |     3 ||     3
  Evoke: Wand              |       |     5 ||     5
    Use: Potion            |     1 |     7 ||     8
   Stab: Sleeping          |     5 |    20 ||    25
         Invisible         |     1 |     2 ||     3
         Confused          |       |     1 ||     1
 Armour: Robe              |    76 |   132 ||   208
  Dodge: Dodged            |    90 |   145 ||   235

Table legend: (Time is in decaauts)
 A = Elapsed time spent in this place.
 B = Non-inter-level travel time spent in this place.
 C = Inter-level travel time spent in this place.
 D = Time resting spent in this place.
 E = Time spent auto-exploring this place.
 F = Levels seen in this place.
 G = Mean time per level.
                   A        B        C        D        E       F      G
               +--------+--------+--------+--------+--------+-----+--------+
         Total |   3431 |   3315 |    116 |     37 |   2512 |   5 |  686.2 |
       Dungeon |   3394 |   3312 |     82 |     37 |   2512 |   4 |  848.5 |
        Temple |     36 |      2 |     34 |      0 |      0 |   1 |   36.0 |
               +--------+--------+--------+--------+--------+-----+--------+

Top non-repeatable levels by time:
     D:3: 1220 daAuts
     D:2: 824 daAuts
     D:1: 697 daAuts
     D:4: 651 daAuts
  Temple: 36 daAuts

Levels and vault maps discovered:
D:1:      nzn_arrival_crosshair, layout_loops_ring,
          minmay_misc_feat_secret_circle
D:2:      layout_basic, ebering_ecumenical_altar_ruins,
          kennysheep_generic_room_10, uniq_terence
D:3:      kb_forest_paths, layout_basic, minivault_5, bh_walls_and_bars
D:4:      dreamdust_elfheim, layout_basic, overflow_temple_1_default,
          lemuel_temple_firewalk_b, minivault_24,
          nicolae_kite_square_tiling_tiny
Temple:   nicolae_temple_bog_church

Table legend: (Time is in decaauts)
 A = Elapsed time spent in this place.
 B = Non-inter-level travel time spent in this place.
 C = Inter-level travel time spent in this place.
 D = Time resting spent in this place.
 E = Time spent auto-exploring this place.
 F = Levels seen in this place.
 G = Mean time per level.
                   A        B        C        D        E       F      G
               +--------+--------+--------+--------+--------+-----+--------+
         Total |   3431 |   3315 |    116 |     37 |   2512 |   5 |  686.2 |
       Dungeon |   3394 |   3312 |     82 |     37 |   2512 |   4 |  848.5 |
        Temple |     36 |      2 |     34 |      0 |      0 |   1 |   36.0 |
               +--------+--------+--------+--------+--------+-----+--------+

Top non-repeatable levels by time:
     D:3: 1220 daAuts
     D:2: 824 daAuts
     D:1: 697 daAuts
     D:4: 651 daAuts
  Temple: 36 daAuts

Table legend:
 A = Kills in this place as a percentage of kills in the entire game.
 B = Kills by you in this place as a percentage of kills by you in the entire game.
 C = Kills by friends in this place as a percentage of kills by friends in the entire game.
 D = Other kills in this place as a percentage of other kills in the entire game.
 E = Experience gained in this place as a percentage of experience gained in the entire game.
 F = Experience gained in this place divided by the number of levels of this place that you have seen.
                   A       B       C       D       E      F
               +-------+-------+-------+-------+-------+----------------------
         Total | 100.0 | 100.0 |   N/A | 100.0 | 100.0 | 137.6
       Dungeon | 100.0 | 100.0 |   N/A | 100.0 | 100.0 | 172.0
               +-------+-------+-------+-------+-------+----------------------
